 Dungeon Crawl Stone Soup version 0.29.1-15-g9cfb28693d (webtiles) character file.

Game seed: 4275475689552382574

1885 BuddhaDhamma the Cleaver (level 8, -1/64 HPs)
             Began as a Minotaur Berserker on Mar 20, 2023.
             Was a Priest of Trog.
             Succumbed to a gnoll bouda's poison
             ... on level 6 of the Dungeon.
             The game lasted 00:08:15 (4858 turns).

BuddhaDhamma the Cleaver (Minotaur Berserker)       Turns: 4858, Time: 00:08:16

Health: -1/64      AC: 11    Str: 25    XL:     8   Next: 92%
Magic:  7/7        EV:  4    Int:  4    God:    Trog [***...]
Gold:   263        SH:  9    Dex:  9    Spells: 7/7 levels left

rFire   . . .      SeeInvis .   w - +1 war axe
rCold   . . .      Faith    .   l - +0 tower shield
rNeg    . . .      Spirit   .   d - +0 chain mail
rPois   .          Reflect  .   (helmet restricted)
rElec   .          Harm     .   e - +0 cloak
rCorr   .          Rampage  .   j - +0 pair of gloves
Will    .....                   (no boots)
Stlth   ..........              (no amulet)
HPRegen 0.20/turn               (no ring)
MPRegen 0.10/turn               (no ring)

@: lethally poisoned (-1 -> -36), weakened, on berserk cooldown, slowed, very
slow
A: horns 2, retaliatory headbutt
a: Renounce Religion, Berserk, Trog's Hand


You were on level 6 of the Dungeon.
You worshipped Trog.
Trog was most pleased with you.
You visited 1 branch of the dungeon, and saw 6 of its levels.

You collected 263 gold pieces.

Inventory:

Hand Weapons
 w - a +1 war axe (weapon)
Missiles
 b - 9 javelins (quivered)
 o - 10 boomerangs
Armour
 d - a +0 chain mail (worn)
 e - a +0 cloak (worn)
 j - a +0 pair of gloves (worn)
 l - a +0 tower shield (worn)
Wands
 g - a wand of digging (7)
Scrolls
 c - a scroll of magic mapping
 f - a scroll of identify
 i - a scroll of blinking
 m - a scroll of teleportation
 n - a scroll of noise
 u - a scroll of fear
Potions
 h - 7 potions of flight
 k - 2 potions of curing
 p - a potion of degeneration {unknown}
 q - a potion of magic
 r - a potion of haste
 s - a potion of brilliance {unknown}
 t - a potion of heal wounds {unknown}
 v - a potion of cancellation {unknown}


   Skills:
 - Level 3.6 Fighting
 + Level 14.1 Axes
 - Level 2.4 Armour
 - Level 2.1 Dodging


You had 7 spell levels left.
You didn't know any spells.
Your spell library was empty.

Dungeon Overview and Level Annotations

Branches:
Dungeon (6/15)
 Temple: D:4-7

Altars:
Cheibriados
Elyvilon
Gozag
Hepliaklqana
Kikubaaqudgha
Nemelex Xobeh
Xom


Innate Abilities, Weirdness & Mutations

You have a pair of horns on your head.
You reflexively headbutt those who attack you in melee.


Message History

The gnoll is healed somewhat.
The gnoll bouda barks out a call to the hunt!
The gnoll picks up the pace!
You block the gnoll's attack.
You slash the gnoll!
You kill the gnoll!
Trog accepts your kill.
You hit the gnoll bouda but do no damage.
You headbutt the gnoll bouda!
The gnoll bouda is heavily wounded.
You block the gnoll bouda's attack.
The gnoll bouda hits you with a +0 whip of venom.
You are poisoned.
You barely miss the gnoll bouda.
The gnoll bouda is heavily wounded.
You feel very sick.
The gnoll bouda hits you with a +0 whip of venom.
You are more poisoned.
You block the gnoll bouda's attack.
You slash the gnoll bouda!
The gnoll bouda is almost dead.
You feel very sick.
The gnoll bouda hits you but does no damage.
You are more poisoned.
You block the gnoll bouda's attack.
You barely miss the gnoll bouda.
The gnoll bouda is almost dead.
* * * LOW HITPOINT WARNING * * *
You feel extremely sick.
The gnoll bouda gazes fiercely through you!
You feel your attacks grow feeble.
The gnoll bouda hits you but does no damage.
You are lethally poisoned!
The gnoll bouda hits you with a +0 whip of venom!
* * * LOW HITPOINT WARNING * * *
You are more poisoned.
You hit the gnoll bouda.
You kill the gnoll bouda!
Trog accepts your kill.
You die...

#.......#### # #..........#
# ########.......##.##### >.
..#................... ..
#.#.###.......##.##...
#.##.#.# #.......##.##... ##
#......# #.......##.##.##
..##.###..####.#.#.###......
... #.K)@).............##
#.###..####.#.#.##.....##
#.....## ##...##.#.#..#
.......#...# ##.##.##....##
#.####.#...#######.###
#.#.... #g#...........#
...#.## .g#.#.########
...##.# g.#.#.# #### .#
..##<#.#


You could see a kobold.

Vanquished Creatures
  Pikel (D:5)
  Eustachio (D:5)
  2 water moccasins (D:5)
  Duvessa (D:4)
  2 black bears
  2 ogres
  A phantom (D:4)
  A kobold brigand (D:6)
  2 scorpions (D:5)
  Dowan (D:4)
  A gnoll bouda (D:6)
  2 hounds
  An iguana (D:4)
  2 orc wizards (D:5)
  4 gnolls (D:6)
  5 adders
  A shadow imp (D:5)
  An ufetubus (D:6)
  A worm (D:3)
  3 dart slugs
  8 orcs
  5 bats
  7 endoplasms
  4 giant cockroaches
  6 goblins
  6 hobgoblins
  8 jackals
  5 quokkas
  7 ball pythons
  4 frilled lizards
  5 kobolds
  4 rats
104 creatures vanquished.

Vanquished Creatures (others)
  A plant (D:1)
1 creature vanquished.

Grand Total: 105 creatures vanquished

Notes
Turn   | Place    | Note
-------+----------+-------------------------------------------
     0 | D:1      | BuddhaDhamma the Minotaur Berserker began the quest for the
                  | Orb.
     0 | D:1      | Reached XP level 1. HP: 19/19 MP: 0/0
   107 | D:1      | Reached skill level 4 in Axes
   142 | D:1      | Reached XP level 2. HP: 25/26 MP: 1/1
   334 | D:1      | Found a faded altar of an unknown god.
   554 | D:2      | Reached skill level 5 in Axes
   609 | D:2      | Reached XP level 3. HP: 31/31 MP: 2/2
   612 | D:2      | Reached ** piety under Trog
  1272 | D:3      | Reached skill level 6 in Axes
  1272 | D:3      | Reached XP level 4. HP: 39/39 MP: 3/3
  1799 | D:4      | Reached skill level 7 in Axes
  1799 | D:4      | Reached XP level 5. HP: 39/45 MP: 4/4
  1869 | D:4      | Found a hazy altar of Hepliaklqana.
  1983 | D:4      | Found a white marble altar of Elyvilon.
  2125 | D:4      | Noticed a phantom
  2147 | D:4      | Killed a phantom
  2303 | D:4      | Noticed Duvessa
  2305 | D:4      | Noticed Dowan
  2319 | D:4      | Reached skill level 8 in Axes
  2323 | D:4      | Killed Duvessa
  2324 | D:4      | Reached XP level 6. HP: 46/51 MP: 5/5
  2339 | D:4      | Killed Dowan
  2340 | D:4      | Reached skill level 9 in Axes
  2516 | D:4      | Found a sparkling altar of Nemelex Xobeh.
  2518 | D:4      | Found a shimmering altar of Xom.
  2518 | D:4      | Found a snail-covered altar of Cheibriados.
  2528 | D:4      | Found an opulent altar of Gozag.
  2532 | D:4      | Found an ancient bone altar of Kikubaaqudgha.
  2708 | D:5      | Entered Level 5 of the Dungeon
  2944 | D:5      | Reached XP level 7. HP: 17/57 MP: 6/6
  3218 | D:5      | Noticed Eustachio
  3233 | D:5      | Killed Eustachio
  3233 | D:5      | Reached *** piety under Trog
  3234 | D:5      | Reached skill level 10 in Axes
  3745 | D:5      | Reached skill level 11 in Axes
  3930 | D:5      | Reached XP level 8. HP: 19/64 MP: 7/7
  4204 | D:5      | Reached skill level 12 in Axes
  4454 | D:5      | Noticed Pikel
  4464 | D:5      | Killed Pikel
  4465 | D:5      | Reached skill level 13 in Axes
  4844 | D:6      | Reached skill level 14 in Axes
  4858 | D:6      | Succumbed to a gnoll bouda's poison

Illustrated notes

Levels and vault maps discovered:
D:1:      ebering_trefoil_twist, layout_rooms,
          shapermc_ecumenical_altar_rom_forum
D:2:      layout_rooms, chequers_serial_rivers_small_a, lemuel_flame_loot_1
D:3:      layout_basic, minmay_goblin_kobold_house
D:4:      layout_rooms, elyvilon_altar_3, lemuel_crystal_altar,
          minmay_overflow_temple_star_hex, uniq_duvessa
D:5:      layout_gridville, hangedman_decor_riveting, uniq_pikel, uniq_eustachio
D:6:      layout_loops_ring, grunt_temple_overflow_order_and_chaos_2,
          nicolae_shop_self_help

Skill      XL: |  1  2  3  4  5  6  7  8 |
---------------+-------------------------+-----
Axes           | 4 5 6 7 8 9 11 14 | 14.1
Fighting       | |  3.6
Armour         | |  2.4
Dodging        | |  2.1

Action                   |  1- 3 |  4- 6 |  7- 9 || total
-------------------------+-------+-------+-------++-------
Melee: Hand axe          |    36 |   114 |    71 ||   221
       Headbutt          |     4 |    18 |     6 ||    28
       Punch             |     1 |       |       ||     1
       War axe           |       |       |    25 ||    25
Throw: Javelin           |    39 |    23 |    22 ||    84
Invok: Berserk           |       |     2 |     3 ||     5
  Use: Scroll            |       |     6 |     6 ||    12
Armor: Chain mail        |    18 |    59 |    57 ||   134
Dodge: Dodged            |    15 |    25 |    16 ||    56
Block: Tower shield      |     8 |    61 |    37 ||   106
